Map: Одиссея РВ

Players

ИИ 1 (ученик)

  • Race: Terran Terran
  • Spawn Location: 11:00

Doll - Winner!

  • Race: Zerg Zerg
  • Spawn Location: 5:00

VOD

Have the link to the VOD?

Description

Time

  • Played on: Sept. 17, 2022, 8:31 a.m.
  • Length: 12:01
Show
View Real Time Build Order
Export as new Build Order

ИИ 1 (ученик) Terran 

Build Orders:  

Get SALT Encoding   

  12  0:09  Supply Depot  
  12  0:13  SCV  
  13  0:25  SCV  
  14  0:35  Barracks  
  14  0:37  SCV  
  15  0:49  SCV  
  16  1:01  SCV  
  17  1:17  Command Center  
  17  1:19  SCV  
  17  1:22  Marine  
  19  1:29  Refinery  
  19  1:38  Orbital Command  
  19  1:41  Marine  
  20  1:53  Supply Depot  
  20  1:59  Marine  
  21  2:03  SCV  
  22  2:15  SCV  
  23  2:16  Barracks, Marine  
  22  2:27  SCV  
  21  2:34  Marine  
  22  2:41  SCV  
  21  2:47  SCV  
  17  2:52  Marine  
  17  2:53  SCV  
  19  2:59  SCV  
  19  3:02  Marine  
  21  3:05  SCV  
  21  3:10  Marine  
  21  3:12  SCV  
  24  3:18  SCV  
  25  3:23  Marine  
  25  3:24  Orbital Command, Refinery  
  26  3:32  SCV  
  26  3:33  Bunker  
  27  3:45  Supply Depot  
  27  3:49  Supply Depot  
  27  3:58  Factory  
  27  3:59  SCV  
  27  4:01  SCV  
  29  4:04  Marine  
  29  4:07  Marine  
  31  4:22  Marine  
  30  4:26  Marine  
  30  4:27  SCV  
  28  4:39  Marine  
  28  4:42  Bunker  
  28  4:43  Marine  
  28  4:57  Marine  
  28  5:01  Marine  
  28  5:03  Hellion  
  31  5:36  SCV  
  32  5:43  Barracks Tech Lab, Bunker  
  32  5:48  SCV  
  33  5:51  Factory  
  33  6:00  SCV  
  33  6:02  Marine  
  33  6:03  Combat Shield, Factory Tech Lab  
  35  6:13  SCV  
  36  6:25  SCV  
  37  6:26  Marine x2  
  37  6:27  Hellion  
  37  6:30  Starport  
  37  6:31  Armory  
  41  6:34  Hellion  
  41  6:37  SCV  
  44  6:44  Marine x2  
  46  6:49  SCV  
  63  7:22  Stimpack  
  47  7:31  Supply Depot  
  47  7:37  SCV  
  47  7:40  Viking  
  46  7:52  Thor, SCV  
  46  7:53  Marauder  
  55  8:01  Supply Depot  
  55  8:05  Bunker  
  55  8:07  Supply Depot  
  55  8:13  Factory Tech Lab  
  55  8:23  SCV  
  55  8:26  Barracks  
  56  8:28  Engineering Bay  
  56  8:35  Siege Tank, SCV  
  60  8:47  SCV  
  61  8:52  Factory  
  61  8:59  SCV  
  62  9:06  Siege Tank, Concussive Shells  
  65  9:11  SCV  
  66  9:23  SCV  
  66  9:24  Command Center  
  67  9:32  Refinery  
  67  9:36  SCV  
  68  9:43  Medivac, Refinery, Factory Reactor  
  70  9:48  SCV  
  70  9:50  Supply Depot  
  71  10:12  Marauder  
  73  10:27  SCV  
  74  10:29  Supply Depot  
  74  10:33  Marauder  
  76  10:39  SCV  
  77  10:44  SCV  
  78  10:52  SCV  
  78  10:55  Marauder  
  78  10:56  SCV  
  82  11:02  Engineering Bay  
  82  11:03  Medivac  
  84  11:08  Marine  
  84  11:11  Marine  
  65  11:14  SCV  
  65  11:16  Marauder  
  51  11:29  SCV  
  47  11:35  SCV  
  47  11:37  Marauder  
  45  11:41  SCV  
Show
View Real Time Build Order
Export as new Build Order

Doll Zerg - Winner!

Build Orders: Pool First 

Get SALT Encoding   

  12  0:19  Spawning Pool  
  11  0:22  Drone  
  12  0:31  Overlord  
  12  0:36  Drone  
  12  0:41  Drone  
  14  0:50  Drone  
  15  1:06  Zergling x4  
  15  1:08  Extractor  
  16  1:13  Roach Warren  
  16  1:17  Zergling x2  
  16  1:27  Queen  
  19  1:32  Drone  
  19  1:38  Drone  
  20  1:49  Overlord  
  20  2:00  Roach  
  22  2:10  Roach  
  24  2:21  Roach  
  26  2:31  Overlord  
  25  2:37  Roach  
  25  2:38  Roach  
  25  2:41  Overlord  
  29  2:51  Roach  
  30  2:57  Roach  
  31  3:18  Hatchery  
  30  3:20  Drone  
  30  3:22  Drone  
  32  3:27  Zergling x2  
  32  3:33  Drone  
  34  3:37  Drone  
  36  3:41  Drone  
  36  3:50  Drone x2  
  36  3:53  Drone  
  39  4:01  Overlord  
  39  4:16  Overlord  
  39  4:18  Queen  
  41  4:25  Drone, Extractor  
  41  4:26  Drone  
  41  4:28  Drone  
  43  4:32  Drone  
  43  4:34  Drone  
  45  4:45  Drone  
  45  4:47  Drone  
  47  4:56  Baneling Nest  
  47  4:58  Lair  
  46  5:02  Drone x2  
  48  5:13  Drone  
  49  5:16  Drone x3  
  49  5:19  Queen  
  54  5:27  Overlord  
  54  5:28  Drone  
  54  5:31  Drone  
  56  5:37  Zergling x2  
  56  5:38  Zergling x2  
  56  5:40  Zergling x2  
  59  5:48  Drone x2  
  61  5:50  Zergling x4  
  61  5:51  Zergling x2  
  61  5:55  Centrifugal Hooks  
  64  5:59  Metabolic Boost  
  64  6:04  Baneling x4  
  64  6:05  Baneling x2  
  64  6:06  Baneling x2  
  64  6:09  Overseer  
  64  6:10  Overseer  
  64  6:14  Pneumatized Carapace  
  64  6:19  Queen  
  64  6:22  Extractor  
  64  6:25  Drone x3, Extractor  
  68  6:28  Drone  
  68  6:30  Drone  
  68  6:31  Drone  
  70  6:34  Glial Reconstitution  
  70  6:37  Overlord  
  70  6:46  Overlord  
  70  6:55  Queen  
  72  7:04  Spire, Drone  
  72  7:05  Drone  
  72  7:06  Drone  
  72  7:07  Drone x2  
  76  7:22  Roach, Hatchery  
  77  7:23  Roach  
  77  7:25  Roach  
  77  7:29  Overlord  
  81  7:33  Zergling x2  
  81  7:34  Zergling x4  
  81  7:35  Zergling x2  
  83  7:37  Zergling x2  
  78  7:45  Roach x3  
  78  7:49  Zergling x2  
  78  7:50  Zergling x2  
  80  7:52  Baneling x3  
  80  7:53  Baneling x2  
  80  7:59  Drone  
  80  8:00  Hydralisk Den  
  80  8:03  Drone  
  81  8:06  Queen  
  81  8:09  Drone  
  81  8:10  Drone x2  
  81  8:12  Drone  
  87  8:20  Baneling x2, Infestation Pit  
  87  8:21  Baneling x3  
  87  8:22  Baneling x3  
  87  8:23  Baneling  
  87  8:24  Baneling  
  86  8:29  Overseer  
  86  8:32  Drone x2  
  86  8:33  Spore Crawler, Drone  
  88  8:36  Drone  
  88  8:37  Drone  
  88  8:38  Drone  
  91  8:43  Zergling x6  
  94  8:48  Drone  
  94  8:49  Overlord  
  94  8:50  Drone  
  94  8:55  Roach x2  
  100  8:59  Drone  
  101  9:05  Hive  
  101  9:09  Drone x3  
  104  9:10  Drone  
  104  9:11  Drone  
  104  9:12  Drone  
  104  9:16  Overlord  
  107  9:18  Overlord  
  107  9:27  Evolution Chamber  
  107  9:28  Drone x2  
  107  9:29  Drone x3  
  107  9:30  Drone  
  107  9:31  Evolution Chamber  
  111  9:32  Roach  
  111  9:35  Roach  
  111  9:36  Roach  
  111  9:37  Roach  
  119  9:39  Roach  
Tags
 
Add a new tag
Caveats
  • Supply blocks, unpowered buildings, or Contaminate may cause inaccurate times.
  • Supply counts are checked every 10 seconds.